 Dungeon Sprint DCSS version 0.21-a0-49-g7bf2ba4 (webtiles) character file.

117 Kidiri the Ruffian (level 4, 0/48 HPs)
             Began as a Troll Monk on June 10, 2017.
             Was a Believer of Wu Jian.
             Slain by a human (11 damage)
             ... in the Dungeon (Sprint III: "The Ten Rune Challenge").
             The game lasted 00:02:24 (301 turns).

Kidiri the Ruffian (Troll Monk)                      Turns: 301, Time: 00:02:25

Health: 0/48       AC:  7    Str: 19    XL:     4   Next: 71%
Magic:  3/3        EV: 12    Int:  6    God:    Wu Jian [**....]
Gold:   12         SH:  0    Dex: 13    Spells: 3/3 levels left

rFire    . . .     SeeInvis .     - Unarmed
rCold    . . .     Gourm    +   (no shield)
rNeg     . . .     Faith    .   i - +2 robe {Archmagi}
rPois    .         Spirit   .   (helmet restricted)
rElec    .         Reflect  .   (no cloak)
rCorr    .         Harm     .   (gloves unavailable)
MR       .....     NoTele   +   (boots unavailable)
Stlth    ++........             (no amulet)
Regen    0.6/turn               (no ring)
MPRegen  0.1/turn               (no ring)

@: no status effects
A: unfitting armour, antennae 1, claws 3, deterioration 1, fast metabolism 3,
gourmand, regeneration 1, shaggy fur 1, tough skin 2, evolution 1
a: Renounce Religion


You were in the Dungeon.
You worshipped Wu Jian.
Wu Jian was pleased with you.
You were not hungry.

You visited 1 branch You collected 12 gold pieces.

Inventory:

Armour
 a - a +0 robe
 i - a +2 robe of the Archmagi (worn)
Scrolls
 h - a scroll of blinking
 k - a scroll of torment {unknown}
 l - 2 scrolls of identify {unknown}
 m - 4 scrolls of remove curse
 o - a scroll of immolation {unknown}
Potions
 c - 2 potions of curing
 e - a potion of haste
 f - 3 potions of magic
 g - a potion of berserk rage
 q - 2 potions of flight
Comestibles
 b - 2 bread rations
 n - a royal jelly
 p - 2 fruits


   Skills:
 + Level 3.7 Fighting
 + Level 2.4 Armour
 * Level 4.5 Dodging
 * Level 3.0 Stealth
 * Level 5.5 Unarmed Combat


You had 3 spell levels left.
You didn't know any spells.

Dungeon Overview and Level Annotations

Branches:
Dungeon (1/1)

Altars:
Okawaru
Trog
Uskayaw
Wu Jian
Beogh


Innate Abilities, Weirdness & Mutations

You are too large for most types of armour.
You have claws for hands.
Your metabolism is lightning-fast.
You like to eat raw meat.
Your natural rate of healing is unusually fast.
You are covered in fur. (AC +1)
You have very tough skin. (AC +2)
You have a pair of small antennae on your head.
Your body sometimes deteriorates upon taking damage.
You evolve.


Message History

The human hits you but does no damage. The human hits you. x2
Unknown command.
Press < or > to pray at altars.
You repeatedly attack the human from above.
You claw the human!
The human is severely wounded.
You closely miss the human.
The human is severely wounded.
You attack the human from above.
You scratch the human but do no damage.
The human is heavily wounded.
The human is distracted by your jump. The human hits you!
You see here a glowing dagger.
You attack the human from above.
You claw the human!
The human is severely wounded.
You attack the human from above.
You scratch the human but do no damage.
The human is severely wounded.
The human hits you!
* * * LOW HITPOINT WARNING * * *
The human hits you!
You die...

▓▓▓▓▓▓ ▓▓▓ ...♣.♣♣ ♣.#
##### ....♣.♣ ♣.# #§p_#
.....♣ ♣.# #@p)#{
....≈♣♣♣♣♣.###+#§###+##
...≈≈...♣♣.#..........#
..≈≈≈≈♣.♣♣.'.⌠........#
..≈≈≈≈≈≈...#...######+#
.≈≈≈≈≈≈....#.⌠.#{ {
.≈≈≈≈≈.....#...#
.≈≈≈.......#+###
.......÷...#


You could see 2 humans.

Vanquished Creatures
  A water elemental (D)
  Jessica (D)
  A human (D)
  An ooze (D)
  A phantom (D)
  2 rats (D)
7 creatures vanquished.

Vanquished Creatures (others)
  2 draconian scorchers (D)
  A hydra (D)
  6 hellions (D)
  A yaktaur (D)
  3 plants (D)
13 creatures vanquished.

Grand Total: 20 creatures vanquished

Notes
Turn   | Place    | Note
-------+----------+-------------------------------------------
     0 | D        | Kidiri the Troll Monk began the quest for the Orb.
     0 | D        | Reached XP level 1. HP: 22/22 MP: 0/0
    16 | D        | Noticed Jessica
    36 | D        | Killed Jessica
    36 | D        | Reached skill level 1 in Armour
    36 | D        | Reached skill level 4 in Unarmed Combat
    36 | D        | Reached XP level 2. HP: 30/31 MP: 1/1
    36 | D        | Reached XP level 3. HP: 36/37 MP: 2/2
    43 | D        | Killed a yaktaur
    79 | D        | Killed a hellion
   111 | D        | Killed a hellion
   113 | D        | Killed a hellion
   113 | D        | Killed a hellion
   165 | D        | Killed a hellion
   185 | D        | Gained mutation: You occasionally shout uncontrollably at your foes. [potion of mutation]
   185 | D        | Gained mutation: Your flesh is cold resistant. (rC+) [potion of mutation]
   185 | D        | Gained mutation: Your flesh is very cold resistant. (rC++) [potion of mutation]
   185 | D        | Gained mutation: You heal very quickly. [potion of mutation]
   186 | D        | Lost mutation: Your flesh is very cold resistant. (rC++) [potion of mutation]
   186 | D        | Lost mutation: You occasionally shout uncontrollably at your foes. [potion of mutation]
   186 | D        | Lost mutation: Your flesh is cold resistant. (rC+) [potion of mutation]
   186 | D        | Gained mutation: Your magical capacity is low. (-10% MP) [potion of mutation]
   186 | D        | Gained mutation: You are partially covered in large bone plates. (SH +4) [potion of mutation]
   187 | D        | Lost mutation: You are partially covered in large bone plates. (SH +4) [potion of mutation]
   187 | D        | Lost mutation: Your magical capacity is low. (-10% MP) [potion of mutation]
   187 | D        | Lost mutation: You heal very quickly. [potion of mutation]
   187 | D        | Gained mutation: You evolve. [potion of mutation]
   187 | D        | Gained mutation: Your body sometimes deteriorates upon taking damage. [potion of mutation]
   187 | D        | Gained mutation: You have a pair of small antennae on your head. [potion of mutation]
   200 | D        | Killed an eight-headed hydra
   203 | D        | Killed a hellion
   213 | D        | Noticed a water elemental
   231 | D        | Killed a water elemental
   231 | D        | Reached skill level 5 in Unarmed Combat
   231 | D        | Reached XP level 4. HP: 16/48 MP: 3/3
   252 | D        | Killed a white draconian scorcher
   291 | D        | Found an ornate altar of the Wu Jian Council.
   291 | D        | Found a roughly hewn altar of Beogh.
   291 | D        | Found an iron altar of Okawaru.
   291 | D        | Found a bloodstained altar of Trog.
   291 | D        | Found a hide-covered altar of Uskayaw.
   291 | D        | Noticed a human
   292 | D        | Noticed a human
   294 | D        | Became a worshipper of the Wu Jian Council
   294 | D        | Reached * piety under Wu Jian
   294 | D        | Reached ** piety under Wu Jian
   300 | D        | Killed a white draconian scorcher
   301 | D        | Slain by a human

Vault maps used:
D:        dungeon_sprint_mu

Skill      XL: |  1  2  3 |
---------------+----------+-----
Fighting       | 3 |  3.7
Armour         | 1 2 |  2.4
Dodging        | 3 4 |  4.5
Stealth        | 2 3 |  3.0
Unarmed Combat | 4 5 |  5.5

Action                   |  1- 3 |  4- 6 || total
-------------------------+-------+-------++-------
Melee: Unarmed           |    35 |    15 ||    50
       Punch             |     1 |       ||     1
  Use: Potion            |     4 |       ||     4
  Eat: Chunk             |     1 |       ||     1
Armor: Robe              |     4 |     1 ||     5
Dodge: Dodged            |    13 |     2 ||    15
